 Dungeon Crawl Stone Soup version 0.26-a0-1181-gd376ed14c5 (webtiles) character file.

Game seed: 6053141369272203905

61 runemasterragnar the Skirmisher (level 4, 0/49 HPs)
             Began as an Ogre Delver on Dec 26, 2020.
             Slain by a river rat (7 damage)
             ... in a sewer.
             The game lasted 00:01:07 (141 turns).

runemasterragnar the Skirmisher (Ogre Delver)        Turns: 141, Time: 00:01:07

Health: 0/49       AC:  3    Str: 16    XL:     4   Next: 7%
Magic:  4/4        EV:  7    Int: 12    God:
Gold:   15         SH:  6    Dex: 10    Spells: 3/3 levels left

rFire    . . .     SeeInvis .   a - +0 mace
rCold    . . .     Faith    .   i - +0 kite shield
rNeg     . . .     Spirit   .   b - +0 robe
rPois    .         Reflect  .   (helmet restricted)
rElec    .         Harm     .   (no cloak)
rCorr    .         Rampage  .   (gloves unavailable)
Will     .....                  (boots unavailable)
Stlth    ++........             (no amulet)
HPRegen  0.16/turn              (no ring)
MPRegen  0.09/turn              (no ring)

@: no status effects
A: large, unfitting armour, tough skin 1
a: no special abilities


You were in a sewer.
You visited 1 branch of the dungeon, and saw 1 of its levels.
You also visited: Sewer.

You collected 15 gold pieces.

Inventory:

Hand Weapons
 a - a +0 mace (weapon)
Armour
 b - a +0 robe (worn)
 i - a +0 kite shield (worn)
Wands
 g - a wand of digging (3)
Scrolls
 c - a scroll of fog
 e - a scroll of fear
 h - a scroll of identify {unknown}


   Skills:
 + Level 4.4 Fighting
 + Level 2.2 Maces & Flails
 + Level 2.0 Dodging
 + Level 4.4 Stealth


You had 3 spell levels left.
You didn't know any spells.
Your spell library was empty.

Dungeon Overview and Level Annotations

Branches:
Dungeon (5/15)              Sewer (1/1)
 Temple: D:4-7

Altars:
Elyvilon


Innate Abilities, Weirdness & Mutations

You are too large for most types of armour.
You have tough skin. (AC +1)


Message History

3 rats and a river rat come into view.
Found a gate leading back out of this place.
There is an empty arch of ancient stone here.
The helpless rat fails to defend itself.
You sock the rat!
You kill the rat!
You see here a rat corpse.
The helpless rat fails to defend itself.
You hit the rat.
You kill the rat!
You aren't carrying any potions.
You block the river rat's attack.
You sock the river rat!
The river rat is severely wounded.
You block the river rat's attack. The river rat bites you!
* * * LOW HITPOINT WARNING * * *
You closely miss the river rat.
The river rat is severely wounded.
The river rat bites you!
You die...

#.#
#.#
#.#
#∩#
#.#
#∩#
#.#
#r#
#@#
#.#
#.#
#.#
#≈#
#≈#
#≈#
#≈#
#≈#


You could see a river rat.

Vanquished Creatures
  A centaur zombie (D:5)
  A worker ant (D:5)
  A leopard gecko (D:5)
  A giant cockroach (D:5)
  A quokka (D:5)
  2 rats (Sewer)
7 creatures vanquished.

Notes
Turn   | Place    | Note
-------+----------+-------------------------------------------
     0 | D:5      | runemasterragnar the Ogre Delver began the quest for the
                  | Orb.
     0 | D:5      | Reached XP level 1. HP: 24/24 MP: 1/1
    16 | D:5      | Found a white marble altar of Elyvilon.
    39 | D:5      | Noticed a worker ant
    45 | D:5      | Killed a worker ant
    46 | D:5      | Reached XP level 2. HP: 19/32 MP: 2/2
    46 | D:5      | Reached XP level 3. HP: 24/39 MP: 3/3
    66 | D:5      | Noticed a centaur
    76 | D:5      | Found a glowing drain.
   119 | D:5      | Reached XP level 4. HP: 11/49 MP: 4/4
   130 | Sewer    | Entered a sewer
   141 | Sewer    | Slain by a river rat

Illustrated notes

Levels and vault maps discovered:
D:5:      layout_cave_pods, elyvilon_altar_4, portal_sewer_entry_f,
          uniq_crazy_yiuf_cottage
Sewer:    sewer_kobolds

Skill      XL: |  1  2  3 |
---------------+----------+-----
Maces & Flails | 2 |  2.2
Stealth        | 4 |  4.4
Dodging        | 2 |  2.0
Fighting       | |  4.4

Action                   |  1- 3 |  4- 6 || total
-------------------------+-------+-------++-------
Melee: Mace              |    39 |     4 ||    43
  Use: Potion            |     2 |       ||     2
       Scroll            |     1 |       ||     1
 Stab: Sleeping          |       |     2 ||     2
Armor: Robe              |     9 |       ||     9
Dodge: Dodged            |    16 |       ||    16
Block: Kite shield       |    11 |     2 ||    13

Table legend: (Time is in decaauts)
 A = Elapsed time spent in this place.
 B = Non-inter-level travel time spent in this place.
 C = Inter-level travel time spent in this place.
 D = Time resting spent in this place.
 E = Time spent auto-exploring this place.
 F = Levels seen in this place.
 G = Mean time per level.
                   A        B        C        D        E       F      G
               +--------+--------+--------+--------+--------+-----+--------+
         Total |    142 |    142 |      0 |      0 |      5 |   2 |   71.0 |
       Dungeon |    130 |    130 |      0 |      0 |      5 |   1 |  130.0 |
         Sewer |     11 |     11 |      0 |      0 |      0 |   1 |   11.0 |
               +--------+--------+--------+--------+--------+-----+--------+

Top non-repeatable levels by time:
     D:5: 130 daAuts
   Sewer: 11 daAuts
